 Dungeon Crawl Stone Soup version 0.14-a0-3367-g7c2a7eb (webtiles) character file.

280 4tharraofdagon the Firebug (level 5, -2/31 HPs)
             Began as a High Elf Fire Elementalist on Mar 19, 2014.
             Slain by an ogre
             ... wielding a +0,+0 giant club
              (18 damage)
             ... on Level 4 of the Dungeon.
             The game lasted 00:08:47 (957 turns).

4tharraofdagon the Firebug (HEFE)                    Turns: 957, Time: 00:08:48

HP  -2/31        AC  6     Str  7      XL: 5   Next: 74%
MP   3/15        EV 12     Int 20      God:
Gold 47          SH  0     Dex 15      Spells:  3 memorised,  3 levels left

rFire  . . .     SeeInvis .     r - +1,+2 great sword
rCold  . . .     Clarity  .     a - +0 robe
rNeg   . . .     Conserve .     (no shield)
rPois  .         rCorr    .     e - +0 helmet
rElec  .         rRot     .     g - +0 cloak
SustAb . .       Spirit   .     k - +1 pair of gloves
rMut   .         Warding  .     (no boots)
Saprov . . .     Stasis   .     (no amulet)
MR     .....                    (no ring)
                                (no ring)

@: very slightly contaminated, not resistant to hostile enchantments, fairly
stealthy
A: no striking features
a: no special abilities


You were on level 4 of the Dungeon.
You were hungry.

You visited 1 branch of the dungeon, and saw 4 of its levels.

You collected 47 gold pieces.

Inventory:

Hand weapons
 f - a +0,+0 dagger
 r - a +1,+2 great sword (weapon)
Missiles
 n - 11 darts (quivered)
Armour
 a - a +0 robe (worn)
 e - a +0 helmet (worn)
 g - a +0 cloak (worn)
 k - a +1 pair of gloves (worn)
Comestibles
 c - 4 bread rations
 j - a meat ration
 m - an apple
 u - a chunk of orc flesh
 v - 2 chunks of worm flesh
Scrolls
 d - 2 scrolls of teleportation {unknown}
 i - a scroll of immolation {unknown}
 l - a scroll of remove curse {unknown}
 p - a scroll of enchant weapon I {unknown}
 q - a scroll of fear {unknown}
 t - a scroll of identify {unknown}
Potions
 o - a potion of lignification {unknown}
 s - a potion of confusion {unknown}
Books
 b - a book of Flames

   Spells                             Type                      Level
   *Flame Tongue                      Conjuration/Fire             1
   Throw Flame                        Conjuration/Fire             2
   *Conjure Flame                     Conjuration/Fire             3
   Inner Flame                        Hexes/Fire                   3
   *Sticky Flame                      Conjuration/Fire             4
   Fireball                           Conjuration/Fire             5
 h - a book of Ice

   Spells                             Type                      Level
   Freezing Aura                      Charms/Ice                   2
   Metabolic Englaciation             Hexes/Ice                    5
   Ozocubu's Refrigeration            Ice                          6
   Bolt of Cold                       Conjuration/Ice              6
   Freezing Cloud                     Conjuration/Ice/Air          6
   Simulacrum                         Ice/Necromancy               6


   Skills:
 - Level 2.1 Dodging
 - Level 2.1 Stealth
 + Level 3.7 Spellcasting
 * Level 4.0 Conjurations
 * Level 4.6 Fire Magic


You had 3 spell levels left.
You knew the following spells:

 Your Spells              Type           Power        Failure   Level  Hunger
a - Flame Tongue          Conj/Fire      ###..        2%          1    None
b - Conjure Flame         Conj/Fire      ###.....     10%         3    ###....
c - Sticky Flame          Conj/Fire      ###.....     24%         4    ####...


Dungeon Overview and Level Annotations

Branches:
Dungeon (4/15)
 Temple: D:4-7

Altars:
Fedhas
Makhleb
Nemelex Xobeh
Trog


Message History

The ogre closely misses you.
Unknown command.
Enter note: WTF
Things that are here:
a flail; an orc corpse
Things that are here:
a dagger; a robe The orc wizard barely misses you.
Unknown command.
The orc wizard hits you with a flail.
Unknown command.
The orc wizard closely misses you.
Unknown command.
Unknown command.
Unknown command.
Unknown command.
The orc wizard gestures wildly while chanting.
The orc wizard blinks!
The ogre hits you with a giant club!
Ouch! That really hurt!
You die...

#..........#######....#
#######..........###
#.###
...................# .#
######.............# #
#.........#.$.#
##'######.#...# #.#
#....... ## #.# ###.####
.# #.######.#@# .#
#....)..)#O# .#
########.#.#
.###########.#.#ยง#######
...o.......[.........(...
######.#####)#..........
#r# #.#.#.####### ..#
#...#.# .### #####)#


You could see an ogre.

Vanquished Creatures
  Purgy (D:3)
  An orc priest (D:4)
  An orc wizard (D:4)
  2 adders (D:3)
  A giant mite (D:2)
  2 worms
  2 orcs (D:4)
  4 giant cockroaches
  4 goblins
  3 hobgoblins
  9 jackals
  4 bats
  2 giant newts (D:2)
  5 kobolds
  6 rats
  A fungus (D:3)
48 creatures vanquished.

Notes
Turn   | Place    | Note
--------------------------------------------------------------
     0 | D:1      | 4tharraofdagon, the High Elf Fire Elementalist, began the quest for the Orb.
     0 | D:1      | Reached XP level 1. HP: 11/11 MP: 4/4
   184 | D:1      | Reached XP level 2. HP: 9/17 MP: 0/6
   386 | D:2      | Found a sparkling altar of Nemelex Xobeh.
   422 | D:2      | Reached XP level 3. HP: 14/21 MP: 1/8
   427 | D:2      | Learned a level 3 spell: Conjure Flame
   460 | D:3      | Found a burning altar of Makhleb.
   460 | D:3      | Noticed an ice beast
   580 | D:3      | Found a bloodstained altar of Trog.
   644 | D:3      | Found a blossoming altar of Fedhas.
   689 | D:3      | Noticed Purgy
   701 | D:3      | :(
   727 | D:3      | Killed Purgy
   727 | D:3      | Reached skill level 4 in Fire Magic
   727 | D:3      | Reached XP level 4. HP: 10/27 MP: 1/13
   727 | D:3      | Reached XP level 5. HP: 11/31 MP: 1/14
   738 | D:3      | Learned a level 4 spell: Sticky Flame
   911 | D:4      | Noticed an ogre
   940 | D:4      | WTF
   957 | D:4      | Slain by an ogre

Action                   |  1- 3 |  4- 6 || total
-------------------------+-------+-------++-------
Melee: Dagger            |    67 |       ||    67
       Unarmed           |     3 |       ||     3
       Great sword       |    16 |    15 ||    31
Throw: Dart              |       |     3 ||     3
 Cast: Flame Tongue      |    56 |    11 ||    67
       Conjure Flame     |     2 |       ||     2
       Sticky Flame      |       |     1 ||     1
  Use: Potion            |     4 |     2 ||     6
 Stab: Sleeping          |     2 |     1 ||     3
